 Dungeon Crawl Stone Soup version 0.29.1-13-g9f3cf754e1 (webtiles) character file.

Game seed: 825702299294169810

3102 sweetbreads the Geomancer (level 9, 0/52 HPs)
             Began as a Gargoyle Earth Elementalist on Jan 25, 2023.
             Was a Follower of Vehumet.
             Slain by a human
             ... wielding a +1 vorpal hand axe
              (2 damage)
             ... in a bailey.
             The game lasted 00:22:05 (5840 turns).

sweetbreads the Geomancer (GrEE)                    Turns: 5840, Time: 00:22:06

Health: 0/52       AC: 12    Str: 12    XL:     9   Next: 90%
Magic:  19/21      EV: 13    Int: 26    God:    Vehumet [*.....]
Gold:   299        SH:  0    Dex: 13    Spells: 2/12 levels left

rFire   . . .      SeeInvis +   S - +10 war axe "Turoehez" {drain, Fly Dex+3 SInv}
rCold   . . .      Faith    .   (no shield)
rNeg    + . .      Spirit   .   s - +2 robe {Archmagi}
rPois   ∞          Reflect  .   j - +0 helmet
rElec   +          Harm     .   R - +0 cloak
rCorr   .          Rampage  .   (no gloves)
Will    .....      Archmagi +   (no boots)
Stlth   ++........              f - amulet of magic regeneration
HPRegen 0.17/turn               o - ring of magical power
MPRegen 0.57/turn               A - +6 ring of intelligence

@: flying, hasted, very quick
A: sickness immunity, AC +6, negative energy resistance 1, electricity
resistance, torment resistance 1, petrification resistance
a: Renounce Religion


You were in a bailey.
You worshipped Vehumet.
Vehumet was aware of your devotion.
You visited 2 branches of the dungeon, and saw 9 of its levels.
You also visited: Bailey.

You collected 299 gold pieces.

Inventory:

Hand Weapons
 a - a +2 short sword of electrocution
 w - a +2 short sword of draining
 G - a +0 dagger of venom
 I - a +1 whip of freezing
 Q - a +3 quarterstaff of chaos
 S - the +10 war axe "Turoehez" (weapon) {drain, Fly Dex+3 SInv}
   (You found it on level 7 of the Dungeon)

   A truly terrible weapon, it drains the life of any living foe it strikes.
   Dex:       It affects your dexterity (+3).
   SInv:      It lets you see invisible.
   Fly:       It grants you flight.
 T - a +1 vampiric whip
 U - a +3 flail
Missiles
 p - 18 poisoned darts
 H - a curare-tipped dart
Armour
 j - a +0 helmet (worn)
 n - a +0 robe
 s - a +2 robe of the Archmagi (worn)
 u - a scarf of invisibility
 K - a +1 hat
 L - a +2 leather armour of fire resistance
 R - a +0 cloak (worn)
Jewellery
 d - a ring of ice
 f - an amulet of magic regeneration (around neck)
 o - a ring of magical power (left hand)
 A - a +6 ring of intelligence (right hand)
Wands
 z - a wand of polymorph (13)
 D - a wand of flame (48)
 N - a wand of paralysis (11)
 O - a wand of roots (11)
Scrolls
 e - a scroll of blinking
 k - 4 scrolls of enchant armour {unknown}
 q - a scroll of noise {unknown}
 r - 4 scrolls of identify {unknown}
 v - a scroll of butterflies {unknown}
 x - 4 scrolls of teleportation {unknown}
 y - a scroll of torment {unknown}
 B - a scroll of amnesia {unknown}
 C - a scroll of immolation {unknown}
 F - a scroll of fear {unknown}
 P - 2 scrolls of poison {unknown}
Potions
 b - a potion of magic
 c - a potion of haste
 g - a potion of berserk rage {unknown}
 i - a potion of mutation {unknown}
 l - 3 potions of curing
 m - a potion of lignification {unknown}
 t - 2 potions of might {unknown}
 E - a potion of heal wounds {unknown}
 J - a potion of ambrosia {unknown}
 M - a potion of brilliance {unknown}


   Skills:
 - Level 4.0 Fighting
 - Level 0.3 Short Blades
 - Level 4.0 Dodging
 - Level 4.0 Stealth
 - Level 2.0 Spellcasting
 * Level 2.8 Conjurations
 * Level 2.2 Transmutations
 + Level 13.5 Earth Magic


You had 2 spell levels left.
You knew the following spells:

 Your Spells              Type           Power      Damage    Failure   Level
a - Sandblast             Erth           100%       2d20      1%          1
b - Stone Arrow           Conj/Erth      100%       3d13      1%          3
c - Passwall              Tmut/Erth      50%        N/A       1%          2
d - Petrify               Tmut/Erth      60%        N/A       4%          4

Your spell library contained the following spells:

 Spells                   Type           Power      Damage    Failure   Level
 Foxfire                  Conj/Fire      60%        2x1d7     6%          1
 Leda's Liquefaction      Hex/Erth       27%        N/A       6%          4
 Call Canine Familiar     Summ           3%         N/A       30%         3
 Portal Projectile        Hex/Tloc       6%         N/A       30%         3
 Chain Lightning          Conj/Air       7%         3d10      100%        9
 Fire Storm               Conj/Fire      7%         8d2       100%        9
 Shatter                  Erth           41%        3d32*     100%        9


Dungeon Overview and Level Annotations

Branches:
Dungeon (8/15)             Temple (1/1) D:4          Bailey (1/1)
   Lair: D:8-11

Altars:
Ashenzari
Cheibriados
Dithmenos
Elyvilon
Fedhas
Gozag
Hepliaklqana
Kikubaaqudgha
Makhleb
Nemelex Xobeh
Okawaru
Qazlal
Ru
Sif Muna
Trog
Uskayaw
Vehumet
Wu Jian
Yredelemnul
The Shining One

Shops:
D:2 :


Innate Abilities, Weirdness & Mutations

You are immune to sickness and miasma.
Your stone body is resilient. (AC +6)
You are immune to poison.
You resist negative energy. (rN+)
You are resistant to electric shocks. (rElec)
You are resistant to unholy torment.
You are immune to petrification.


Message History

Blink to where?
Press: ? - help, Dir - move target, p - human
As you read the scroll of blinking, it crumbles to dust.
It was a potion of haste.
You feel yourself speed up.
Casting: Sandblast (safe; 1% risk of failure)
Confirm with . or Enter, or press ? or * to list all spells.
Aiming: Sandblast (safe; 1% risk of failure)
Press: ? - help, Shift-Dir - straight line, f - human
Aim: a human, wielding a +2 vorpal hand axe and wearing a +0 scale mail (severely wounded, 82% to hit)
You feel a surge of power!
The blast of sand hits the human.
The human is almost dead.
Unknown command.
Casting: Sandblast (safe; 1% risk of failure)
Confirm with . or Enter, or press ? or * to list all spells.
Aiming: Sandblast (safe; 1% risk of failure)
Press: ? - help, Shift-Dir - straight line, f/p - human
Aim: a human, wielding a +2 vorpal hand axe and wearing a +0 scale mail (almost dead, 82% to hit)
You feel a surge of power!
The blast of sand hits the human!
You kill the human!
Vehumet accepts your kill.
You can now gain magical power from killing.
Vehumet offers you knowledge of Foxfire.
Casting: Sandblast (safe; 1% risk of failure)
Confirm with . or Enter, or press ? or * to list all spells.
Aiming: Sandblast (safe; 1% risk of failure)
Press: ? - help, Shift-Dir - straight line, f - human
Aim: a human, wielding a +1 vorpal hand axe and wearing a +0 ring mail (82% to hit)
You feel a surge of power!
The blast of sand hits the goblin!
You kill the goblin!
Vehumet accepts your kill.
Casting: Sandblast (safe; 1% risk of failure)
Confirm with . or Enter, or press ? or * to list all spells.
Aiming: Sandblast (safe; 1% risk of failure)
Press: ? - help, Shift-Dir - straight line, f/p - human
Aim: a human, wielding a +1 vorpal hand axe and wearing a +0 ring mail (82% to hit)
You feel a surge of power!
The blast of sand hits the human!
The human is moderately wounded.
The human hits you with a +1 vorpal hand axe.
* * * LOW HITPOINT WARNING * * *
You die...

#### #####
.....
##...##......
#..∩.go)...#
#....)######
#@pg..+
##...## #####


You could see a human, an orc warrior, a gnoll and a hobgoblin.

Vanquished Creatures
  Pikel (D:5)
  Prince Ribbit (D:5)
  2 humans (Bailey)
  An ice beast (D:5)
  5 black bears
  An ogre (D:5)
  4 lemures (D:5)
  2 phantoms
  2 kobold brigands
  A necrophage (D:7)
  A scorpion (D:5)
  4 bullfrogs
  2 wights (D:8)
  4 howler monkeys
  A jelly (D:7)
  2 hounds (D:6)
  4 orc priests (D:7)
  Crazy Yiuf (D:7)
  Ijyb (D:5)
  Natasha (thrice) (D:2)
  An iguana (D:7)
  A gnoll (Bailey)
  3 adders
  2 shadow imps (D:6)
  A white imp (D:6)
  An ufetubus (D:4)
  A worm (D:2)
  2 dart slugs
  10 orcs
  5 endoplasms
  A giant cockroach (D:4)
  11 hobgoblins
  9 jackals
  22 kobolds
  A quokka (D:3)
  2 ball pythons
  3 bats
  A frilled lizard (D:3)
  6 goblins
  5 rats
131 creatures vanquished.

Vanquished Creatures (collateral kills)
  An ice beast (D:8)
  3 goblins (D:8)
4 creatures vanquished.

Grand Total: 135 creatures vanquished

Notes
Turn   | Place    | Note
-------+----------+-------------------------------------------
     0 | D:1      | sweetbreads the Gargoyle Earth Elementalist began the quest
                  | for the Orb.
     0 | D:1      | Reached XP level 1. HP: 10/10 MP: 3/3
   147 | D:2      | Found Paluicha's Book Shoppe.
   151 | D:2      | Reached skill level 4 in Earth Magic
   151 | D:2      | Reached XP level 2. HP: 15/15 MP: 3/5
   153 | D:2      | Noticed Natasha
   289 | D:1      | Found a faded altar of an unknown god.
   321 | D:1      | Reached XP level 3. HP: 19/19 MP: 6/6
   813 | D:2      | Killed Natasha
   814 | D:2      | Reached skill level 5 in Earth Magic
   814 | D:2      | Reached XP level 4. HP: 24/24 MP: 7/7
   890 | D:2      | You fall into a shaft and drop 1 floor!
  1106 | D:2      | Noticed Natasha
  1114 | D:2      | Killed Natasha
  1146 | D:2      | Reached XP level 5. HP: 28/28 MP: 8/8
  1211 | D:2      | Noticed Natasha
  1217 | D:2      | Killed Natasha
  1218 | D:2      | Reached skill level 6 in Earth Magic
  1969 | D:5      | Entered Level 5 of the Dungeon
  1969 | D:5      | Noticed an ogre
  1972 | D:5      | Killed an ogre
  1973 | D:5      | Reached skill level 7 in Earth Magic
  1973 | D:5      | Reached XP level 6. HP: 9/32 MP: 9/9
  2206 | D:4      | Noticed a black bear
  2211 | D:4      | Killed a black bear
  2242 | D:4      | Noticed a black bear
  2247 | D:4      | Killed a black bear
  2248 | D:4      | Reached skill level 8 in Earth Magic
  2248 | D:4      | Reached XP level 7. HP: 30/36 MP: 10/10
  2293 | D:4      | Found a staircase to the Ecumenical Temple.
  2302 | Temple   | Entered the Ecumenical Temple
  2744 | D:4      | Learned a level 3 spell: Stone Arrow
  2747 | D:4      | Learned a level 2 spell: Passwall
  2752 | D:4      | Learned a level 4 spell: Petrify
  2904 | D:5      | Reached skill level 1 in Fighting
  2973 | D:5      | Noticed Prince Ribbit
  2983 | D:5      | Killed Prince Ribbit
  2984 | D:5      | Reached skill level 9 in Earth Magic
  2994 | D:5      | Reached XP level 8. HP: 44/44 MP: 11/11
  2998 | D:5      | Found a blossoming altar of Fedhas.
  3006 | D:5      | Found a bloodstained altar of Trog.
  3006 | D:5      | Found an opulent altar of Gozag.
  3006 | D:5      | Found a broken altar of Ashenzari.
  3055 | D:5      | Noticed Ijyb
  3062 | D:5      | Killed Ijyb
  3257 | D:6      | Reached skill level 10 in Earth Magic
  3774 | D:5      | Noticed Pikel
  3798 | D:5      | Killed Pikel
  3799 | D:5      | Reached skill level 11 in Earth Magic
  3799 | D:5      | Reached XP level 9. HP: 33/52 MP: 12/12
  3939 | D:5      | Found a sparkling altar of Nemelex Xobeh.
  4215 | D:6      | Reached skill level 12 in Earth Magic
  4217 | D:6      | Reached skill level 1 in Transmutations
  4418 | D:6      | Reached skill level 1 in Conjurations
  4951 | D:7      | Found a radiant altar of Vehumet.
  4964 | D:7      | Became a worshipper of Vehumet
  5503 | D:7      | Found a runed translucent door.
  5504 | D:7      | Noticed Crazy Yiuf
  5542 | D:7      | Killed Crazy Yiuf
  5594 | D:7      | Identified the +10 war axe "Turoehez" {drain, Fly Dex+3
                  | SInv}
  5768 | D:8      | Reached skill level 13 in Earth Magic
  5782 | D:8      | Found a flagged portal.
  5817 | Bailey   | Entered a bailey
  5838 | Bailey   | Reached * piety under Vehumet
  5838 | Bailey   | Offered knowledge of Foxfire by Vehumet.
  5840 | Bailey   | HP: 2/52 [human/+1 vorpal hand axe (5)]
  5840 | Bailey   | Slain by a human

Illustrated notes

Levels and vault maps discovered:
D:1:      dpeg_arrival_central, layout_basic,
          shapermc_ecumenical_altar_acropolis
D:2:      layout_rooms, serial_shops, shop, minmay_goblin_kobold_house,
          uniq_natasha
D:3:      layout_basic, minmay_misc_feat_plants, minmay_misc_feat_tower
D:4:      layout_basic, minmay_temple_entry_large_hall
D:5:      layout_cave_pods, nemelex_diamond_rough_becter, minitemple,
          uniq_pikel, uniq_ijyb, uniq_prince_ribbit1
D:6:      layout_basic
D:7:      layout_basic, mainiacjoe_overflow_paths, uniq_crazy_yiuf_cottage
D:8:      layout_rooms, enter_bailey_5, serial_glass, glass_columns_a,
          glass_columns_a, special_room [special_room_orc],
          nicolae_looking_at_the_future
Temple:   compressed_dpeg_circular_temple
Bailey:   bailey_axe_froggy_fort_hellmonk, bailey

Skill      XL: |  1  2  3  4  5  6  7  8  9 |
---------------+----------------------------+-----
Earth Magic    | 4 5 7 8 9 11 13 | 13.5
Dodging        | 2 3 4 |  4.0
Stealth        | 3 4 |  4.0
Fighting       | 2 3 4 |  4.0
Transmutations | 2 |  2.2
Conjurations   | 2 |  2.8
Short Blades   | |  0.3
Spellcasting   | |  2.0

Action                   |  1- 3 |  4- 6 |  7- 9 || total
-------------------------+-------+-------+-------++-------
Melee: Short sword       |     3 |     1 |       ||     4
 Cast: Sandblast         |    43 |    56 |   130 ||   229
  Use: Scroll            |       |       |     3 ||     3
       Potion            |       |       |     2 ||     2
Armor: Robe              |     5 |     5 |    14 ||    24
Dodge: Dodged            |     7 |     8 |    31 ||    46
